Arrhythmia, chaotic female vampiric Convict ------ ----- |....|--|...| |.0..|(--.0.| |.0...T..0..| |..---@---0.| |---------.--- |..^^^<|.....| |..----|0....| --^| |.0...| |^-----.0...| |..^^^^0.0..| |..---------- ---- Arrhythmia the Prisoner Experience level: 10 Strength: 16 Dexterity: 12 Constitution: 20 Intelligence: 11 Wisdom: 11 Charisma: 7 Health: 0(104) Energy: 68(68) AC: 4 Gold: 35 Moves: 5512 Your Inventory: Coins $ - 35 gold pieces Armor b - an uncursed [+0] leather cloak c - an uncursed +0 pair of walking shoes [low] m - an [uncursed] +1 pair of hard shoes [iron] w - an uncursed -1 dwarvish mithril-coat (being worn) z - an [uncursed] +0 hard hat [dwarvish iron helm] C - a cursed +0 pair of old gloves [leather] (being worn) Potions V - 3 uncursed potions of object detection Tools d - an uncursed blindfold U - an uncursed lock pick Spells known in the end: Name Level Category Fail Memory a - force bolt 1 attack 89% [||||||||] Your skills at the end: Fighting Skills Weapon Skills flail [Basic / Expert] sling [Basic / Skilled] Spellcasting Skills Final Attributes: You were piously aligned. Hunger level was 181. Your alignment was 36 / 37. Monster difficulty range was 1 - 9. Level difficulty was 9. You were immune to poison. You were immune to level-drain. You were immune to sickness. You could fly. You could survive without air. You regenerated. Your luck was zero. You are dead. Vanquished creatures: a ghost a hill giant a sergeant a troll a large cat a human mummy a cockatrice 4 wolves a mumak a vampire bat a dwarf mummy an owlbear 2 lizards a housecat a dust vortex a gnome mummy 12 bugbears 2 wood nymphs 2 water nymphs 4 mountain nymphs a rock piercer a rock mole a pony a fog cloud a yellow light a shrieker 9 gnome lords a gnomish wizard a guardian naga hatchling a gray ooze 5 elf zombies a paper golem 2 little dogs 2 floating eyes 5 dwarves 2 kobold lords 2 kobold shamans 7 hill orcs 9 rothes 2 rabid rats a centipede 2 giant bats 2 orc zombies a wererat 10 killer bees an acid blob 2 coyotes 2 hobbits a large kobold 16 hobgoblins a giant rat a yellow mold 2 green molds 2 red molds 24 gnomes 2 gnome zombies 2 geckos a jackal a kobold 3 sewer rats 4 grid bugs 2 bats 6 lichens 2 kobold zombies 8 newts 194 creatures vanquished. Voluntary challenges: You left the true Path of Zen. You went without food. You never hit with a wielded weapon. You read items or engraved 11 times. You put on armor 11 times. You never genocided any monsters. You never polymorphed an object. You never changed form. You used no wishes. You abstained from Elbereth's help. You encountered 1 bones level. You never used any Sokoban shortcuts. Dungeon overview: The Dungeons of Doom: levels 1 to 10 Level 1 a fountain, a sink a long staircase Level 2 a fountain stairs to The Gnomish Mines Level 3 a fountain Level 6 a throne Level 7 a throne Level 9 many fountains Level 10 an altar to Tymora, many fountains, a sink, some trees stairs to Sokoban The Gnomish Mines: levels 3 to 5 Level 3 stairs to The Dungeons of Doom Sokoban: Level 9 <- You were here a magic chest stairs to The Dungeons of Doom History has recorded: On T:1 you entered the Dungeons of Doom to retrieve the Amulet of Yendor! On T:16 you advanced to experience level 2. On T:337 you reached level 2 of The Dungeons of Doom. On T:672 you advanced to experience level 3. On T:795 you advanced to experience level 4. On T:1035 you reached level 1 of The Gnomish Mines. On T:1039 you advanced to experience level 5. On T:1210 you advanced to experience level 6. On T:1487 you reached level 2 of The Gnomish Mines. On T:1557 you advanced to experience level 7. On T:1867 you reached level 3 of The Gnomish Mines. On T:2058 you reached level 3 of The Dungeons of Doom. On T:2337 you reached level 4 of The Dungeons of Doom. On T:2765 you reached level 5 of The Dungeons of Doom. On T:2816 you reached level 6 of The Dungeons of Doom. On T:3082 you advanced to experience level 8. On T:3617 you reached level 7 of The Dungeons of Doom. On T:4263 you advanced to experience level 9. On T:4451 you reached level 8 of The Dungeons of Doom. On T:4666 you advanced to experience level 10. On T:4779 you reached level 9 of The Dungeons of Doom. On T:5145 you reached level 10 of The Dungeons of Doom. On T:5211 you reached level 3 of Sokoban. Latest messages: [9 turns] The troll picks up 2 uncursed K-rations. [HP+1=34] [HP+1=35] [HP+1=36] [HP+1=37] You hit the water nymph. You bite the water nymph. The troll swings her mace. The troll misses. The troll hits! The troll bites! [HP-13=24] [HP+1=25] The troll swings her mace. The troll hits! (2x) The troll bites! [HP-15=10] The troll swings her mace. The troll hits! The troll just misses! The troll bites! You die... Final status: Goodbye Arrhythmia the Convict... You died in Sokoban on dungeon level 9 with 11642 points, and 35 pieces of gold, after 5512 moves. You were level 10 with a maximum of 104 hit points when you died.